 Dungeon Crawl Stone Soup version 0.28-a0-726-g4a9143789a (webtiles) character file.

Game seed: 13977541113033283911

356 kae the Sneak (level 6, -2/30 HPs)
             Began as a Spriggan Enchanter on Oct 27, 2021.
             Slain by a scorpion (5 damage)
             ... on level 4 of the Dungeon.
             The game lasted 00:05:03 (4812 turns).

kae the Sneak (Spriggan Enchanter)                  Turns: 4812, Time: 00:05:04

Health: -2/30      AC:  2    Str:  6    XL:     6   Next: 36%
Magic:  2/12       EV: 18    Int: 16    God:
Gold:   168        SH:  0    Dex: 16    Spells: 1/12 levels left

rFire   . . .      SeeInvis +   a - +2 dagger
rCold   . . .      Faith    .   (shield restricted)
rNeg    . . .      Spirit   .   b - +0 robe
rPois   .          Reflect  .   (helmet restricted)
rElec   .          Harm     .   (no cloak)
rCorr   .          Rampage  .   (gloves unavailable)
Will    +....                   (boots unavailable)
Stlth   +++.......              (no amulet)
HPRegen 0.10/turn               (no ring)
MPRegen 0.13/turn               (no ring)

@: lethally poisoned (-2 -> -16), very slightly contaminated, very quick
A: very small, no large weapons, unfitting armour, see invisible, speed 3
a: no special abilities


You were on level 4 of the Dungeon.
You visited 1 branch of the dungeon, and saw 4 of its levels.

You collected 168 gold pieces.

Inventory:

Hand Weapons
 a - a +2 dagger (weapon)
Armour
 b - a +0 robe (worn)
Wands
 m - a wand of paralysis (3)
 n - a wand of iceblast (8)
Potions
 c - a potion of invisibility
 d - 3 potions of attraction
 g - a potion of curing {unknown}
 h - 2 potions of berserk rage {unknown}
 i - a potion of magic {unknown}
 j - a potion of brilliance {unknown}
 k - a potion of mutation {unknown}


   Skills:
 + Level 1.6 Fighting
 * Level 4.1 Short Blades
 + Level 4.2 Dodging
 + Level 5.7 Stealth
 + Level 3.9 Spellcasting
 + Level 4.5 Hexes


You had one spell level left.
You knew the following spells:

 Your Spells              Type           Power      Damage    Failure   Level
a - Ensorcelled Hibernat  Hex/Ice        20%        N/A       10%         2
b - Confusing Touch       Hex            17%        N/A       8%          3
c - Tukima's Dance        Hex            17%        N/A       8%          3
d - Dazzling Flash        Conj/Hex       20%        N/A       21%         3

Your spell library contained the following spells:

 Spells                   Type           Power      Damage    Failure   Level
 Magic Dart               Conj           12%        1d3       17%         1
 Sting                    Tmut/Pois      12%        1d3       17%         1
 Poisonous Vapours        Pois/Air       6%         N/A       26%         2
 Searing Ray              Conj           6%         2d4       26%         2
 Sublimation of Blood     Necr           1%         N/A       26%         2
 Fulminant Prism          Conj/Hex       5%         3d7       54%         4
 Olgreb's Toxic Radiance  Pois           3%         N/A       86%         4
 Petrify                  Tmut/Erth      3%         N/A       86%         4
 Irradiate                Conj/Tmut      1%         3d14      99%         5


Dungeon Overview and Level Annotations

Branches:
Dungeon (4/15)
 Temple: D:4-7

Altars:
Fedhas

Annotations:
D:3 2 transporters, askman's ghost, amateur DsFi


Innate Abilities, Weirdness & Mutations

You are very small and have problems with some larger weapons.
You are too small for most types of armour.
You have supernaturally acute eyesight. (SInv)
You cover ground extremely quickly. (Speed+++)


Message History

Aim: a scorpion (lightly wounded, chance to affect: 41%)
The scorpion resists with some effort.
The scorpion stings you.
You are poisoned.
The scorpion poisons you!
You hit the scorpion.
The scorpion is lightly wounded.
You feel very sick. The scorpion completely misses you.
Casting: Ensorcelled Hibernation (safe; 10% risk of failure)
Confirm with . or Enter, or press ? or * to list all spells.
Aiming: Ensorcelled Hibernation (safe; 10% risk of failure)
Press: ? - help, Shift-Dir - straight line, f/p - scorpion
Aim: a scorpion (lightly wounded, chance to affect: 41%)
The scorpion resists with some effort.
You feel sick. The scorpion closely misses you.
Casting: Ensorcelled Hibernation (safe; 10% risk of failure)
Confirm with . or Enter, or press ? or * to list all spells.
Aiming: Ensorcelled Hibernation (safe; 10% risk of failure)
Press: ? - help, Shift-Dir - straight line, f/p - scorpion
Aim: a scorpion (lightly wounded, chance to affect: 41%)
The scorpion resists with some effort.
You feel sick. The scorpion stings you.
Casting: Ensorcelled Hibernation (safe; 10% risk of failure)
Confirm with . or Enter, or press ? or * to list all spells.
Aiming: Ensorcelled Hibernation (safe; 10% risk of failure)
Press: ? - help, Shift-Dir - straight line, f/p - scorpion
Aim: a scorpion (lightly wounded, chance to affect: 41%)
You miscast Ensorcelled Hibernation.
You are very lightly contaminated with residual magic.
Nothing appears to happen.
You feel sick. The scorpion stings you!
* * * LOW HITPOINT WARNING * * *
Casting: Ensorcelled Hibernation (safe; 10% risk of failure)
Confirm with . or Enter, or press ? or * to list all spells.
Aiming: Ensorcelled Hibernation (safe; 10% risk of failure)
Press: ? - help, Shift-Dir - straight line, f/p - scorpion
Aim: a scorpion (lightly wounded, chance to affect: 41%)
The scorpion resists with some effort.
You feel sick. The scorpion stings you.
* * * LOW HITPOINT WARNING * * *
You are more poisoned.
The scorpion poisons you! The scorpion stings you.
You die...

.# .# ########.###
#.ls@.......
######.#####.######.
.....................
#######.#l..#....#####
....................
.#.#.#....#....####
....[..........#
.#?#.#.#...#...)#
...............#


You could see a scorpion and an iguana.

Vanquished Creatures
  An ogre (D:2)
  Blork the orc (D:4)
  A howler monkey (D:2)
  Jessica (D:2)
  Robin (D:2)
  4 adders
  An adder skeleton (D:2)
  A worm (D:3)
  A dart slug (D:3)
  3 orcs (D:3)
  9 ball pythons
  A bat (D:2)
  8 endoplasms
  3 giant cockroaches
  13 goblins
  6 hobgoblins
  4 jackals (D:2)
  6 kobolds
  A quokka (D:1)
  7 frilled lizards
  3 rats
76 creatures vanquished.

Notes
Turn   | Place    | Note
-------+----------+-------------------------------------------
     0 | D:1      | kae the Spriggan Enchanter began the quest for the Orb.
     0 | D:1      | Reached XP level 1. HP: 9/9 MP: 5/5
   989 | D:1      | Found a faded altar of an unknown god.
  1016 | D:1      | Reached XP level 2. HP: 14/14 MP: 6/6
  1042 | D:1      | Learned a level 2 spell: Ensorcelled Hibernation
  2236 | D:2      | Noticed a howler monkey
  2249 | D:2      | Reached XP level 3. HP: 8/17 MP: 4/8
  2927 | D:2      | Reached skill level 1 in Fighting
  2927 | D:2      | Reached XP level 4. HP: 17/22 MP: 0/9
  2928 | D:2      | Noticed an ogre
  2977 | D:2      | Reached skill level 5 in Stealth
  3043 | D:2      | Killed an ogre
  3044 | D:2      | Reached XP level 5. HP: 22/25 MP: 3/11
  3179 | D:2      | Noticed Robin
  3186 | D:2      | Killed Robin
  3460 | D:2      | Noticed Jessica
  3471 | D:2      | Killed Jessica
  4083 | D:2      | Learned a level 3 spell: Confusing Touch
  4087 | D:2      | Learned a level 3 spell: Tukima's Dance
  4091 | D:2      | Learned a level 3 spell: Dazzling Flash
  4267 | D:3      | Found a blossoming altar of Fedhas.
  4467 | D:3      | Reached XP level 6. HP: 26/30 MP: 5/12
  4639 | D:3      | Noticed askman's ghost (amateur DsFi)
  4640 | D:3      | Found a transporter.
  4640 | D:3      | Found a transporter.
  4786 | D:4      | Noticed Blork the orc
  4788 | D:4      | Killed Blork the orc
  4812 | D:4      | Slain by a scorpion

Illustrated notes

Levels and vault maps discovered:
D:1:      dpeg_arrival_circle_labyrinth_a, layout_basic,
          ebering_ecumenical_altar_box, grunt_decor_resistance
D:2:      minmay_chambers_of_twos, layout_basic, uniq_jessica, uniq_robin
D:3:      layout_basic, mainiacjoe_overflow_tiny_flanked, gammafunk_ghost_smash
D:4:      layout_basic, serial_shops, nicolae_shop_stone, grunt_ministairs_4,
          hex_large, minmay_misc_feat_diagonals, guppyfry_shop_venom,
          uniq_edmund, uniq_blork_the_orc, uniq_crazy_yiuf_cottage

Skill      XL: |  1  2  3  4  5  6 |
---------------+-------------------+-----
Short Blades   | 2 3 4 |  4.1
Dodging        | 3 4 |  4.2
Spellcasting   | 3 |  3.9
Fighting       | 1 |  1.6
Hexes          | 4 |  4.5
Stealth        | 5 |  5.7

Action                   |  1- 3 |  4- 6 || total
-------------------------+-------+-------++-------
Melee: Dagger            |   134 |   112 ||   246
 Cast: Ensorcelled Hiber |    16 |    32 ||    48
  Use: Scroll            |       |     4 ||     4
 Stab: Sleeping          |    15 |    29 ||    44
       Distracted        |       |     1 ||     1
Armor: Robe              |    16 |     4 ||    20
Dodge: Dodged            |    96 |    59 ||   155

Table legend: (Time is in decaauts)
 A = Elapsed time spent in this place.
 B = Non-inter-level travel time spent in this place.
 C = Inter-level travel time spent in this place.
 D = Time resting spent in this place.
 E = Time spent auto-exploring this place.
 F = Levels seen in this place.
 G = Mean time per level.
                   A        B        C        D        E       F      G
               +--------+--------+--------+--------+--------+-----+--------+
         Total |   4049 |   3971 |     78 |   1236 |   2165 |   4 | 1012.2 |
       Dungeon |   4049 |   3971 |     78 |   1236 |   2165 |   4 | 1012.2 |
               +--------+--------+--------+--------+--------+-----+--------+

Top non-repeatable levels by time:
     D:2: 2137 daAuts
     D:1: 1413 daAuts
     D:3: 480 daAuts
     D:4: 18 daAuts
